 Dungeon Crawl Stone Soup version 0.29.0-4-gdea44cf6ec (webtiles) character file.

Game seed: 11927090851680402374

13 qw the Chopper (level 2, 0/17 HPs)
             Began as a Tengu Warper on Aug 28, 2022.
             Slain by a jackal (3 damage)
             ... on level 1 of the Dungeon.
             The game lasted 00:00:01 (447 turns).

qw the Chopper (Tengu Warper)                        Turns: 447, Time: 00:00:01

Health: 0/17       AC:  3    Str: 11    XL:     2   Next: 37%
Magic:  6/6        EV: 11    Int: 13    God:
Gold:   31         SH:  0    Dex: 13    Spells: 5/5 levels left

rFire   . . .      SeeInvis .   a - +0 hand axe
rCold   . . .      Faith    .   (no shield)
rNeg    . . .      Spirit   .   b - +0 leather armour
rPois   .          Reflect  .   (helmet restricted)
rElec   .          Harm     .   (no cloak)
rCorr   .          Rampage  .   (no gloves)
Will    .....                   (boots unavailable)
Stlth   +.........              (no amulet)
HPRegen 0.05/turn               (no ring)
MPRegen 0.10/turn               (no ring)

@: no status effects
A: beak, talons 3
a: no special abilities


You were on level 1 of the Dungeon.
You visited 1 branch of the dungeon, and saw 1 of its levels.

You collected 31 gold pieces.


Innate Abilities, Weirdness & Mutations

You have a beak for a mouth.
You have claws for feet.


   Skills:
 - Level 2.0 Fighting
 + Level 3.3 Axes
 - Level 1.0 Throwing
 - Level 1.1 Armour
 - Level 2.1 Dodging
 - Level 2.0 Spellcasting
 - Level 2.4 Translocations


You had 5 spell levels left.
You didn't know any spells.
Your spell library contained the following spells:

 Spells                   Type           Power      Damage    Failure   Level
 Blink                    Tloc           14%        N/A       19%         2
 Gell's Gravitas          Tloc           7%         N/A       36%         3
 Lesser Beckoning         Tloc           7%         N/A       36%         3
 Teleport Other           Tloc           7%         N/A       36%         3
 Manifold Assault         Tloc           7%         N/A       98%         5

Inventory:

Hand Weapons
 a - a +0 hand axe (weapon)
Armour
 b - a +0 leather armour (worn)
Jewellery
 g - a ring of willpower
Scrolls
 c - a scroll of blinking
 d - a scroll of immolation {unknown}
Potions
 e - a potion of mutation {unknown}
 f - a potion of attraction {unknown}

Dungeon Overview and Level Annotations

Branches:
Dungeon (1/15)

Altars:


Message History

The ball python hisses angrily.
A jackal comes into view.
The jackal barks!
The jackal barks!
The jackal closely misses you.
You hit the jackal but do no damage. Your kick misses the jackal.
You closely miss the ball python. The ball python barely misses you.
The ball python grabs you. The ball python constricts you.
The jackal barely misses you.
You closely miss the ball python. Your kick misses the ball python.
You barely miss the jackal.
The jackal bites you but does no damage.
The ball python closely misses you. The ball python constricts you.
The jackal bites you.
The jackal pauses to sniff the ground.
The jackal closely misses you. The ball python bites you.
The ball python constricts you.
You hit the ball python.
You kill the ball python!
You hit the jackal but do no damage. You closely miss the jackal.
The jackal bites you. The jackal closely misses you. x2
You hit the jackal. You claw the jackal, but do no damage.
The jackal is moderately wounded.
You barely miss the jackal. You hit the jackal. The jackal bites you. x2
The jackal bites you but does no damage.
The jackal bites you. The jackal barely misses you.
You hit the jackal but do no damage. You claw the jackal.
The jackal is severely wounded.
You hit the jackal. You barely miss the jackal. The jackal barely misses you.
The jackal bites you but does no damage.
The jackal bites you.
The jackal bites you but does no damage.
The jackal bites you. The jackal closely misses you.
You barely miss the jackal. Your peck misses the jackal.
The jackal is severely wounded.
You hit the jackal. x2
The jackal bites you.
You die...

###########......#
.............#
.:...........#
.........###.#
.........###.###
#######..+.....#
#..###.###
#.>....####
#.....@...#
#....hhh..#
##........#
#....[...#
#........#
#........#
#........#
#..?.....#


You could see 3 jackals.

Vanquished Creatures
  A dart slug (D:1)
  A ball python (D:1)
  A giant cockroach (D:1)
  A hobgoblin (D:1)
  4 jackals (D:1)
  A frilled lizard (D:1)
9 creatures vanquished.

Notes
Turn   | Place    | Note
-------+----------+-------------------------------------------
     0 | D:1      | qw the Tengu Warper began the quest for the Orb.
     0 | D:1      | Reached XP level 1. HP: 12/12 MP: 4/4
     0 | D:1      | 0 ||| qw: Version: 0.1-a-89-g26bdef1
     0 | D:1      | 0 ||| qw: Game counter: 790
     0 | D:1      | 0 ||| qw: Always use a shield: true
     0 | D:1      | 0 ||| qw: God list: Okawaru
     0 | D:1      | 0 ||| qw: Allow faded altars: false
     0 | D:1      | 0 ||| qw: Do Orc after D:15 true
     0 | D:1      | 0 ||| qw: Do second Lair branch before Depths: true
     0 | D:1      | 0 ||| qw: Lair rune preference: random
     0 | D:1      | 0 ||| qw: Plans: Normal
     0 | D:1      | 0 ||| PLANNING D:1-11
    52 | D:1      | 52 ||| Stepping ~*~*~tactically~*~*~ (stealth).
    64 | D:1      | Reached skill level 3 in Axes
    64 | D:1      | Reached XP level 2. HP: 8/17 MP: 6/6
   446 | D:1      | HP: 3/17 [jackal (2)]
   447 | D:1      | Slain by a jackal

Levels and vault maps discovered:
D:1:      amcnicky_arrival_choice, layout_basic, kennysheep_small_spiral

Skill      XL: |  1 |
---------------+----+-----
Axes           | 3 |  3.3
Fighting       | |  2.0
Throwing       | |  1.0
Armour         | |  1.1
Dodging        | |  2.1
Spellcasting   | |  2.0
Translocations | |  2.4

Action                   || total
-------------------------++-------
Melee: Hand axe          ||    20
       Kick              ||     6
       Peck              ||     3
Throw: Boomerang         ||     7
Armor: Leather armour    ||    13
Dodge: Dodged            ||    17

Table legend:
 A = Non-vault XP
 B = Vault XP
 C = Vault XP percentage of total XP
 D = Non-vault monster count
 E = Vault monster count
 F = Vault count percentage of total count
                 A         B        C        D         E       F
            +---------+---------+-------+---------+---------+-------
      Total |      19 |       0 |   0.0 |       9 |       0 |   0.0
            +---------+---------+-------+---------+---------+-------
        D:1 |      19 |       0 |   0.0 |       9 |       0 |   0.0
            +---------+---------+-------+---------+---------+-------
